 Dungeon Crawl Stone Soup version 0.27-a0-1191-g601b473118 (webtiles) character file.

Game seed: 3471335356107731669

2984 gruber the Destroyer (level 9, -5/62 HPs)
             Began as a Demigod Conjurer on May 24, 2021.
             Slain by Harold
             ... wielding a +0 hand axe
              (18 damage)
             ... on level 8 of the Dungeon.
             The game lasted 00:07:25 (9031 turns).

gruber the Destroyer (Demigod Conjurer)             Turns: 9031, Time: 00:07:26

Health: -5/62      AC:  6    Str:  8    XL:     9   Next: 28%
Magic:  12/20      EV:  6    Int: 38    God:
Gold:   375        SH:  0    Dex: 12    Spells: 15/18 levels left

rFire    . . .     SeeInvis .   f - +0 spear
rCold    . . .     Faith    .   (no shield)
rNeg     . . .     Spirit   .   p - +0 steam dragon scales
rPois    .         Reflect  .   e - +0 helmet
rElec    .         Harm     .   (no cloak)
rCorr    .         Rampage  .   (no gloves)
Will     .....                  (no boots)
Stlth    ++........             (no amulet)
HPRegen  0.20/turn              n - +6 ring of intelligence
MPRegen  0.17/turn              (no ring)

@: marked, held
A: high mp 1, forlorn
a: no special abilities


You were on level 8 of the Dungeon.
You visited 1 branch of the dungeon, and saw 8 of its levels.

You collected 375 gold pieces.

Inventory:

Hand Weapons
 f - a +0 spear (weapon)
 s - a +1 dagger of electrocution
Missiles
 x - 3 throwing nets
Armour
 e - a +0 helmet (worn)
 p - +0 steam dragon scales (worn)
Jewellery
 n - a +6 ring of intelligence (left hand)
 q - a ring of magical power
Wands
 a - a wand of iceblast (6)
 t - a wand of digging (6)
Scrolls
 c - 8 scrolls of identify {unknown}
 g - 2 scrolls of blinking {unknown}
 h - a scroll of amnesia {unknown}
 j - a scroll of enchant weapon {unknown}
 k - 3 scrolls of noise {unknown}
 r - 6 scrolls of teleportation {unknown}
 u - 2 scrolls of fear {unknown}
 w - a scroll of enchant armour {unknown}
Potions
 b - a potion of flight {unknown}
 d - 3 potions of curing {unknown}
 i - a potion of cancellation {unknown}
 l - a potion of berserk rage {unknown}
 m - 2 potions of lignification {unknown}
 o - 2 potions of brilliance {unknown}
 v - 2 potions of degeneration {unknown}


   Skills:
 + Level 0.1 Long Blades
 + Level 0.1 Axes
 + Level 0.1(0.2) Maces & Flails
 + Level 0.1 Staves
 + Level 0.1 Slings
 + Level 0.1 Bows
 + Level 0.1 Crossbows
 * Level 2.5 Armour
 - Level 1.7 Dodging
 - Level 1.7 Stealth
 + Level 0.1 Shields
 - Level 5.0 Spellcasting
 - Level 11.0 Conjurations
 + Level 0.1 Hexes
 + Level 0.2 Summonings
 + Level 0.1 Necromancy
 + Level 0.1 Translocations
 + Level 0.1 Transmutations
 + Level 0.1 Fire Magic
 + Level 0.2 Ice Magic
 + Level 0.2 Air Magic
 + Level 0.2 Earth Magic
 + Level 0.2 Poison Magic


You had 15 spell levels left.
You knew the following spells:

 Your Spells              Type           Power      Damage    Failure   Level
a - Magic Dart            Conj           100%       1d8       1%          1
b - Searing Ray           Conj           100%       3d7       1%          2

Your spell library contained the following spells:

 Spells                   Type           Power      Damage    Failure   Level
 Dazzling Flash           Conj/Hex       100%       N/A       1%          3
 Freeze                   Ice            44%        1d6       3%          1
 Summon Small Mammal      Summ           44%        N/A       3%          1
 Fulminant Prism          Conj/Hex       25%        3d14      3%          4
 Hailstorm                Conj/Ice       51%        3d11      3%          4
 Iskenderun's Mystic Bla  Conj/Tloc      51%        2d11      3%          4
 Call Imp                 Summ           11%        N/A       4%          2
 Frozen Ramparts          Ice            22%        1d4       9%          3
 Ozocubu's Armour         Ice            11%        N/A       9%          3
 Call Canine Familiar     Summ           11%        N/A       10%         3
 Summon Guardian Golem    Hex/Summ       10%        N/A       10%         3
 Summon Ice Beast         Ice/Summ       11%        N/A       30%         4
 Summon Lightning Spire   Summ/Air       11%        N/A       30%         4
 Metabolic Englaciation   Hex/Ice        5%         N/A       65%         5


Dungeon Overview and Level Annotations

Branches:
Dungeon (8/15)             Temple (0/1) D:6
   Lair: D:8-11

Shops:
D:7 [

Annotations:
D:8 Harold


Innate Abilities, Weirdness & Mutations

Your attributes grow dramatically as you level up.
You have an increased reservoir of magic. (+10% MP)
You shall have no god before yourself.


Message History

(Press . to maintain the ray.) Harold hits you with a +0 hand axe.
Unknown command.
The searing ray hits Harold!
Harold is moderately wounded.
Harold barely misses you.
The searing ray hits Harold.
Harold is heavily wounded.
Harold casts a spell at you. A sentinel's mark forms upon you.
Harold hits you with a +0 hand axe!!
The searing ray hits Harold!
Harold is heavily wounded.
The searing ray hits something!!
Reactivating autopickup.
You feel a bit more experienced.
You finish channeling your searing ray.
Harold hits you with a +0 hand axe.
Your Armour skill increases to level 2!
Unknown command.
Casting: Searing Ray (safe; 1% risk of failure)
Confirm with . or Enter, or press ? or * to list all spells.
Aiming: Searing Ray (safe; 1% risk of failure)
Press: ? - help, Shift-Dir - straight line, f/p - Harold
Aim: Harold, wielding a +0 hand axe, wearing a +1 chain mail of cold resistance and quivering 2 throwing nets (heavily wounded, fast, 92% to hit)
The searing ray hits Harold!
Harold is severely wounded. (Press . to maintain the ray.) Harold hits you with a +0 hand axe! x2
* * * LOW HITPOINT WARNING * * *
Unknown command.
The searing ray hits Harold.
Harold is severely wounded.
Harold gestures at you while chanting. The mark upon you grows brighter.
Unknown command.
Unknown command.
The searing ray hits Harold!
Harold is almost dead.
Harold hits you with a +0 hand axe!!
You die...

#. #..#<.#..
#..#..##.#.#.
.........#.#.
#.#.....#.# #
#...#.#.#
#.....#.#
......#)(.#
..#....#@##....#
. #.####@# ....
#. #.# #.. # #..
# #.## #.# #.#
#.# #..


You could see Harold (fast).

Vanquished Creatures
  Psyche (D:8)
  Menkaure (D:5)
  A steam dragon (D:5)
  2 water moccasins
  A black bear (D:6)
  3 ogres
  A wolf (D:7)
  A kobold brigand (D:7)
  2 phantoms (D:6)
  2 bullfrogs
  A gnoll sergeant (D:7)
  2 scorpions
  3 water moccasin skeletons
  A howler monkey (D:7)
  A centaur zombie (D:7)
  11 hounds
  A bullfrog skeleton (D:5)
  2 centaur skeletons
  4 orc priests
  2 gnoll shamans (D:7)
  A jelly (D:4)
  3 iguanas
  An orc wizard (D:6)
  A scorpion zombie (D:5)
  2 killer bee zombies
  A hound skeleton (D:4)
  16 gnolls (D:7)
  A howler monkey skeleton (D:7)
  5 adders
  An ufetubus (D:5)
  2 dart slugs (D:4)
  16 orcs
  5 endoplasms
  3 giant cockroaches
  4 goblins
  11 hobgoblins
  15 jackals
  5 quokkas
  8 ball pythons
  2 bats
  7 frilled lizards
  18 kobolds
  A rat (D:3)
172 creatures vanquished.

Notes
Turn   | Place    | Note
-------+----------+-------------------------------------------
     0 | D:1      | gruber the Demigod Conjurer began the quest for the Orb.
     0 | D:1      | Reached XP level 1. HP: 14/14 MP: 5/5
   292 | D:1      | Reached skill level 4 in Conjurations
   374 | D:1      | Reached XP level 2. HP: 20/20 MP: 4/7
  1018 | D:1      | Learned a level 2 spell: Searing Ray
  1464 | D:2      | Reached XP level 3. HP: 26/26 MP: 3/8
  2276 | D:2      | Reached skill level 5 in Conjurations
  2276 | D:2      | Reached XP level 4. HP: 33/33 MP: 2/10
  3669 | D:4      | Reached XP level 5. HP: 38/38 MP: 4/12
  4632 | D:5      | Entered Level 5 of the Dungeon
  4655 | D:5      | Reached XP level 6. HP: 44/45 MP: 1/14
  4802 | D:5      | Reached skill level 6 in Conjurations
  4887 | D:5      | Noticed Menkaure
  4893 | D:5      | Killed Menkaure
  4893 | D:5      | Noticed a steam dragon
  5175 | D:5      | Killed a steam dragon
  5176 | D:5      | Reached XP level 7. HP: 33/50 MP: 9/17
  5239 | D:5      | Reached skill level 5 in Spellcasting
  5483 | D:5      | Reached skill level 7 in Conjurations
  6190 | D:6      | Reached skill level 8 in Conjurations
  6317 | D:6      | Reached XP level 8. HP: 30/57 MP: 7/19
  6569 | D:6      | Found a staircase to the Ecumenical Temple.
  6759 | D:6      | Reached skill level 9 in Conjurations
  7452 | D:7      | Found Naej's Antique Armour Shoppe.
  7623 | D:7      | Reached skill level 10 in Conjurations
  8259 | D:7      | Reached XP level 9. HP: 62/62 MP: 17/20
  8624 | D:7      | Reached skill level 11 in Conjurations
  8851 | D:7      | Reached skill level 1 in Armour
  9006 | D:8      | Noticed Psyche
  9012 | D:8      | Noticed Harold
  9028 | D:8      | Killed Psyche
  9031 | D:8      | Slain by Harold

Illustrated notes

Levels and vault maps discovered:
D:1:      dpeg_arrival_round_c, layout_loops_ring, basic_ecumenical_altar,
          minmay_tree_intersection, minivault_19
D:2:      layout_loops_corners
D:3:      layout_loops_ring, grunt_temple_overflow_open,
          lemuel_coloured_pillars_altar
D:4:      layout_loops_ring, jmf_multi_god_temple
D:5:      layout_cave_pools, kennysheep_dice, uniq_menkaure
D:6:      layout_basic, nicolae_qazlal_style_of_elements, temple_hall
D:7:      layout_cave_pods, serial_gnoll_camp, gnoll_camp_mini_doghouse,
          gnoll_camp_medium_01, gnoll_camp_mini_loothouse, gnoll_camp_mini_shop,
          gnoll_camp_mini_basic
D:8:      layout_basic, doesnt_xom_only_xom, erik_lair_orcish_takeover,
          jiyva_altar_1, uniq_erica, uniq_psyche, uniq_harold

Skill      XL: |  1  2  3  4  5  6  7  8  9 |
---------------+----------------------------+-----
Conjurations   | 4 5 6 8 10 11 | 11.0
Spellcasting   | 2 3 4 5 |  5.0
Armour         | 2 |  2.5
Long Blades    | |  0.1
Axes           | |  0.1
Maces & Flails | |  0.1
Staves         | |  0.1
Slings         | |  0.1
Bows           | |  0.1
Crossbows      | |  0.1
Dodging        | |  1.7
Stealth        | |  1.7
Shields        | |  0.1
Hexes          | |  0.1
Summonings     | |  0.2
Necromancy     | |  0.1
Translocations | |  0.1
Transmutations | |  0.1
Fire Magic     | |  0.1
Ice Magic      | |  0.2
Air Magic      | |  0.2
Earth Magic    | |  0.2
Poison Magic   | |  0.2

Action                   |  1- 3 |  4- 6 |  7- 9 || total
-------------------------+-------+-------+-------++-------
Melee: Unarmed           |    33 |       |       ||    33
       Spear             |       |     6 |    13 ||    19
 Cast: Magic Dart        |    87 |    95 |    39 ||   221
       Searing Ray       |     1 |    10 |    55 ||    66
Evoke: Wand              |       |       |     3 ||     3
Armor: Robe              |    13 |     7 |       ||    20
       Steam dragon scal |       |       |    13 ||    13
Dodge: Dodged            |    47 |    21 |    37 ||   105

Table legend: (Time is in decaauts)
 A = Elapsed time spent in this place.
 B = Non-inter-level travel time spent in this place.
 C = Inter-level travel time spent in this place.
 D = Time resting spent in this place.
 E = Time spent auto-exploring this place.
 F = Levels seen in this place.
 G = Mean time per level.
                   A        B        C        D        E       F      G
               +--------+--------+--------+--------+--------+-----+--------+
         Total |   9030 |   8775 |    255 |    252 |   7589 |   8 | 1128.8 |
       Dungeon |   9030 |   8775 |    255 |    252 |   7589 |   8 | 1128.8 |
               +--------+--------+--------+--------+--------+-----+--------+

Top non-repeatable levels by time:
     D:7: 1919 daAuts
     D:1: 1409 daAuts
     D:5: 1247 daAuts
     D:4: 1232 daAuts
     D:6: 1142 daAuts
     D:2: 1104 daAuts
     D:3: 944 daAuts
     D:8: 28 daAuts
